 Dungeon Crawl Stone Soup version 0.31-a0-523-g071a6c1ffa (webtiles) character file.

Game seed: 16012924501800957211

39 GordonOverkill the Sneak (level 3, 0/19 HPs)
             Began as a Vine Stalker Delver on Aug 10, 2023.
             Succumbed to an adder's poison
             ... on level 4 of the Dungeon.
             The game lasted 00:00:29 (74 turns).

GordonOverkill the Sneak (Vine Stalker Delver)        Turns: 74, Time: 00:00:30

Health: 0/19       AC:  3    Str: 16    XL:     3   Next: 47%
Magic:  1/4        EV: 11    Int: 10    God:
Gold:   0          SH:  0    Dex: 15    Spells: 2/2 levels left

rFire   . . .        a - +0 mace
rCold   . . .        (no shield)
rNeg    . . .        b - +0 leather armour
rPois   .            (no helmet)
rElec   .            (no cloak)
rCorr   .            (no gloves)
SInv    .            (no boots)
Will    .....        (no amulet)
Stlth   +++          (no ring)
HPRegen 0.23/turn    (no ring)
MPRegen 0.09/turn

%: guardian spirit
@: lethally poisoned (0 -> -4), hasted, very quick
A: fangs 2, magic shield, antimagic bite, no potion heal 2
a: no special abilities


You were on level 4 of the Dungeon.
You visited 1 branch of the dungeon, and saw 3 of its levels.

Inventory:

Hand Weapons
 a - a +0 mace (weapon)
Armour
 b - a +0 leather armour (worn)
Wands
 g - a wand of digging (3)
Scrolls
 c - a scroll of fog
 d - a scroll of revelation
 e - a scroll of fear
 h - a scroll of teleportation {unknown}


   Skills:
 - Level 2.6 Fighting
 + Level 3.4 Maces & Flails
 - Level 1.5 Dodging
 - Level 6.0 Stealth


You had 2 spell levels left.
You didn't know any spells.
Your spell library was empty.

Dungeon Overview and Level Annotations

Branches:
Dungeon (6/15)
 Temple: D:4-7

Altars:

Annotations:
D:5 exclusion: downstairs


Innate Abilities, Weirdness & Mutations

You have extremely sharp teeth.
When hurt, damage is shared between your health and your magic reserves.
Your bite disrupts and absorbs the magic of your enemies.
Potions cannot restore your health.


Message History

You hit the adder but do no damage. The adder closely misses you.
You miss the adder. Your bite misses the adder. The adder misses you.
You hit the adder. Your bite misses the adder.
The adder is moderately wounded.
The adder bites you.
* * * LOW HITPOINT WARNING * * *
You are poisoned.
The adder poisons you!
You hit the adder.
The adder is moderately wounded.
* * * LOW HITPOINT WARNING * * *
You feel sick. The adder closely misses you.
You hit the adder.
The adder is heavily wounded.
The adder barely misses you.
You hit the adder. You bite the adder, but do no damage.
The adder is severely wounded.
You feel sick. The adder closely misses you.
The adder bites you but does no damage.
You closely miss the adder.
The adder is severely wounded.
You feel sick. The adder misses you.
You miss the adder.
The adder is severely wounded.
You feel sick. The adder barely misses you.
You closely miss the adder.
The adder is heavily wounded.
You feel sick.
You are no longer poisoned.
The adder bites you but does no damage.
You barely miss the adder. You bite the adder. You drain its power.
You feel invigorated.
The adder is almost dead.
The adder bites you.
* * * LOW HITPOINT WARNING * * *
You are lethally poisoned!
The adder poisons you!
You closely miss the adder.
The adder is almost dead.
You die...

#.# #.#
#.# #.#
#.# #.#
#.# #.#
#@# #S#
.S# ....
.....
.......
#.....##
#.....#


You could see an adder and a ball python.

Vanquished Creatures
  A howler monkey (D:5)
1 creature vanquished.

Notes
Turn   | Place    | Note
-------+----------+-------------------------------------------
     0 | D:5      | GordonOverkill the Vine Stalker Delver began the quest for
                  | the Orb.
     0 | D:5      | Reached XP level 1. HP: 11/11 MP: 2/2
     1 | D:6      | Noticed an ogre
     1 | D:6      | Noticed a black bear
    39 | D:5      | Noticed a howler monkey
    50 | D:5      | Killed a howler monkey
    51 | D:5      | Reached XP level 2. HP: 6/16 MP: 1/3
    51 | D:5      | Reached XP level 3. HP: 7/19 MP: 1/4
    74 | D:4      | Succumbed to an adder's poison

Illustrated notes

Levels and vault maps discovered:
D:4:      layout_basic, mainiacjoe_overflow_surrounded_room,
          minmay_fractal_squares_diagonal_5, uniq_blork_the_orc
D:5:      layout_basic, uniq_edmund
D:6:      layout_loops_ring

Skill      XL: |  1 |
---------------+----+-----
Maces & Flails | 3 |  3.4
Fighting       | |  2.6
Dodging        | |  1.5
Stealth        | |  6.0

Action                     || total
---------------------------++-------
  Melee: Mace              ||    18
         Bite              ||     4
    Use: Potion            ||     1
 Armour: Leather armour    ||     2
  Dodge: Dodged            ||    11

Table legend: (Time is in decaauts)
 A = Elapsed time spent in this place.
 B = Non-inter-level travel time spent in this place.
 C = Inter-level travel time spent in this place.
 D = Time resting spent in this place.
 E = Time spent auto-exploring this place.
 F = Levels seen in this place.
 G = Mean time per level.
                   A        B        C        D        E       F      G
               +--------+--------+--------+--------+--------+-----+--------+
         Total |     66 |     66 |      0 |      0 |      0 |   3 |   22.0 |
       Dungeon |     66 |     66 |      0 |      0 |      0 |   3 |   22.0 |
               +--------+--------+--------+--------+--------+-----+--------+

Top non-repeatable levels by time:
     D:5: 49 daAuts
     D:4: 15 daAuts
     D:6: 1 daAuts
